 Dungeon Crawl Stone Soup version 0.28-a0-987-g8383568036 (webtiles) character file.

Game seed: 70264228225809007

46 Froggeryz the Cudgeller (level 3, -7/23 HPs)
             Began as a Gargoyle Cinder Acolyte on Dec 4, 2021.
             Was a High Priest of Ignis.
             Killed by divine providence
             ... invoked by an orc priest
              (12 damage)
             ... on level 3 of the Dungeon.
             The game lasted 00:01:46 (2345 turns).

Froggeryz the Cudgeller (Gargoyle Cinder Acolyte)   Turns: 2345, Time: 00:01:46

Health: -7/23      AC: 11    Str: 19    XL:     3   Next: 68%
Magic:  4/4        EV: 10    Int: 14    God:    Ignis [*****.]
Gold:   82         SH:  0    Dex:  5    Spells: 4/4 levels left

rFire   + + .      SeeInvis .   a - -1 mace (flame)
rCold   . . .      Faith    .   (no shield)
rNeg    + . .      Spirit   .   c - +1 ring mail {rF+}
rPois   ∞          Reflect  .   (no helmet)
rElec   +          Harm     .   (no cloak)
rCorr   .          Rampage  .   b - +1 pair of gloves {Stlth+}
Will    .....                   (no boots)
Stlth   +.........              (no amulet)
HPRegen 0.07/turn               (no ring)
MPRegen 0.09/turn               (no ring)

@: no status effects
A: sickness immunity, AC +3, negative energy resistance 1, electricity
resistance, torment resistance 1, petrification resistance
a: Renounce Religion, Fiery Armour, Foxfire Swarm, Rising Flame


You were on level 3 of the Dungeon.
You worshipped Ignis.
Ignis was extremely pleased with you.
You visited 1 branch of the dungeon, and saw 3 of its levels.

You collected 82 gold pieces.

Inventory:

Hand Weapons
 a - a -1 mace of flaming (weapon)
Armour
 b - a +1 pair of gloves of stealth (worn)
 c - a +1 ring mail of fire resistance (worn)
Scrolls
 d - 2 scrolls of teleportation {unknown}
 e - a scroll of enchant armour {unknown}
 g - 3 scrolls of fog {unknown}
Potions
 f - a potion of cancellation {unknown}
 h - a potion of haste {unknown}


   Skills:
 - Level 3.2 Fighting
 * Level 4.1 Maces & Flails
 + Level 1.7 Armour
 - Level 1.0 Spellcasting
 - Level 3.0 Fire Magic


You had 4 spell levels left.
You didn't know any spells.
Your spell library contained the following spells:

 Spells                   Type           Power      Damage    Failure   Level
 Scorch                   Fire           18%        2d6       21%         2
 Ignite Poison            Fire/Tmut/Pois 3%         N/A       65%         3
 Mephitic Cloud           Conj/Pois/Air  0%         N/A       80%         3
 Animate Armour           Summ/Erth      0%         N/A       99%         4
 Blade Hands              Tmut           0%         N/A       100%        5
 Freezing Cloud           Conj/Ice/Air   0%         6-21      100%        5
 Iron Shot                Conj/Erth      0%         9d1       100%        6


Dungeon Overview and Level Annotations

Branches:
Dungeon (3/15)

Altars:
Elyvilon


Innate Abilities, Weirdness & Mutations

You are immune to sickness and miasma.
Your stone body is resilient. (AC +3)
You are immune to poison.
You resist negative energy. (rN+)
You are resistant to electric shocks. (rElec)
You are resistant to unholy torment.
You are immune to petrification.


Message History

No target in view!
No target in view!
No target in view!
No target in view!
No target in view!
Found a white marble altar of Elyvilon.
An orc and 2 orc priests come into view.
The orc is wielding a +0 hand axe of flaming.
The orc priest shouts! x2; The orc shouts!
An orc comes into view. It is wielding a +0 whip.
You hear a shout!
There are monsters nearby!
An orc priest and an orc wizard come into view.
The orc priest shouts!
The orc wizard shouts!
The orc shouts!
The orc wizard points at you and mumbles some strange words.
The puff of flame hits you but does no damage.
You resist.
An orc wizard comes into view. It is wielding a +0 dagger.
The orc wizard shouts!
The orc priest calls down the wrath of Beogh upon you.
Beogh smites you!
Ouch! That really hurt!
There is a stone staircase leading up here.
You climb upwards.
There is a stone staircase leading down here.
You start resting.
HP restored.
You climb downwards.
The orc priest invokes the aid of Beogh against you.
Beogh smites you!
Ouch! That really hurt!
The orc priest miscasts a cantrip.
The orc closely misses you.
There is a stone staircase leading up here.
The orc hits you with a +0 whip.
* * * LOW HITPOINT WARNING * * *
The orc priest mumbles some strange prayers to Beogh against you.
Beogh smites you!
Ouch! That really hurt!
You die...

#.##.##..o....#
...#.##.#####.#
._......# #.#
...###.######o#
#.## #.##.....#
..# #.##.###.# #.#
#.##.# ###
..##.########
#.#######..o..oo@#
#.....†...########
#########.# ###


You could see 2 orc priests and an orc.

Vanquished Creatures
  A worm (D:3)
  A bat (D:2)
  4 endoplasms
  3 giant cockroaches
  4 goblins
  A hobgoblin (D:1)
  10 jackals
  2 quokkas (D:1)
  3 ball pythons (D:2)
  3 frilled lizards
  A kobold (D:1)
  4 rats
37 creatures vanquished.

Notes
Turn   | Place    | Note
-------+----------+-------------------------------------------
     0 | D:1      | Froggeryz the Gargoyle Cinder Acolyte began the quest for
                  | the Orb.
     0 | D:1      | Reached XP level 1. HP: 14/14 MP: 2/2
   261 | D:1      | Reached XP level 2. HP: 13/19 MP: 3/3
   424 | D:1      | Reached skill level 1 in Armour
   640 | D:1      | Found a faded altar of an unknown god.
  1187 | D:2      | Reached XP level 3. HP: 23/23 MP: 4/4
  1579 | D:2      | Reached skill level 4 in Maces & Flails
  2103 | D:3      | Found a white marble altar of Elyvilon.
  2345 | D:3      | Killed from afar by an orc priest

Illustrated notes

Levels and vault maps discovered:
D:1:      shiori_angband_town, layout_basic,
          shapermc_ecumenical_altar_notcrosses, chequers_serial_rivers_room_b
D:2:      layout_basic
D:3:      cheibrodos_pilgrimage, layout_basic, nicolae_overflow_crystal_walls,
          hex_medium, lemuel_flame_loot_1, uniq_crazy_yiuf_cottage

Skill      XL: |  1  2  3 |
---------------+----------+-----
Armour         | 1 |  1.7
Maces & Flails | 4 |  4.1
Fighting       | |  3.2
Spellcasting   | |  1.0
Fire Magic     | |  3.0

Action                   || total
-------------------------++-------
Melee: Mace              ||   111
 Stab: Sleeping          ||     1
Armor: Ring mail         ||    63
Dodge: Dodged            ||    78

Table legend: (Time is in decaauts)
 A = Elapsed time spent in this place.
 B = Non-inter-level travel time spent in this place.
 C = Inter-level travel time spent in this place.
 D = Time resting spent in this place.
 E = Time spent auto-exploring this place.
 F = Levels seen in this place.
 G = Mean time per level.
                   A        B        C        D        E       F      G
               +--------+--------+--------+--------+--------+-----+--------+
         Total |   2371 |   2333 |     38 |    298 |   1657 |   3 |  790.3 |
       Dungeon |   2371 |   2333 |     38 |    298 |   1657 |   3 |  790.3 |
               +--------+--------+--------+--------+--------+-----+--------+

Top non-repeatable levels by time:
     D:2: 1186 daAuts
     D:1: 1088 daAuts
     D:3: 97 daAuts
